 Dungeon Crawl Stone Soup version 0.15.2 (webtiles) character file.

62 glosham the Cudgeler (level 4, -7/44 HPs)
             Began as an Ogre Arcane Marksman on Apr 9, 2017.
             Mangled by Prince Ribbit (18 damage)
             ... on Level 4 of the Dungeon.
             The game lasted 00:09:29 (372 turns).

glosham the Cudgeler (Ogre Arcane Marksman)          Turns: 372, Time: 00:09:29

HP  -7/44        AC  3     Str 16      XL: 4   Next:  8%
MP   5/6         EV 10     Int 12      God:
Gold 54          SH  0     Dex 10      Spells:  1 memorised,  4 levels left

rFire  . . .     SeeInvis .     a - +0 club
rCold  . . .     Clarity  .     e - +0 robe
rNeg   . . .     rCorr    .     (shield restricted)
rPois  .         rRot     .     (helmet restricted)
rElec  .         Spirit   .     (no cloak)
SustAb .         Warding  .     (gloves unavailable)
rMut   .         Stasis   .     (boots unavailable)
Gourm  .                        (no amulet)
MR     .....                    (no ring)
                                (no ring)

@: not resistant to hostile enchantments, very unstealthy
A: unfitting armour, tough skin 1
a: no special abilities


You were on level 4 of the Dungeon.
You were not hungry.

You visited 1 branch of the dungeon, and saw 4 of its levels.

You collected 54 gold pieces.

Inventory:

Hand weapons
 a - a +0 club (weapon)
Missiles
 b - a large rock (quivered)
Armour
 e - a +0 robe (worn)
Comestibles
 f - a meat ration
Scrolls
 j - a scroll of magic mapping
Potions
 g - a potion of cure mutation {unknown}
 h - a potion of restore abilities {unknown}
 i - 2 potions of heal wounds {unknown}
Books
 d - a book of Debilitation

   Spells                             Type                      Level
   *Corona                            Hexes                        1
   Slow                               Hexes                        2
   Inner Flame                        Hexes/Fire                   3
   Enslavement                        Hexes                        4
   Cause Fear                         Hexes                        4
   Leda's Liquefaction                Hexes/Earth                  4


   Skills:
 + Level 2.5 Fighting
 * Level 4.1 Maces & Flails
 - Level 2.1 Throwing
 - Level 1.7 Dodging
 - Level 1.2 Spellcasting
 - Level 2.1 Hexes


You had 4 spell levels left.
You knew the following spells:

 Your Spells              Type           Power        Failure   Level  Hunger
c - Corona                Hex            #......      14%         1    ##.....


Dungeon Overview and Level Annotations

Branches:
Dungeon (4/15)
 Temple: D:4-7

Altars:

Annotations:
D:4 Prince Ribbit


Innate Abilities, Weirdness & Mutations

You are too large for most types of armour.
You have tough skin (AC +1).


Message History

You kill the iguana!
Your Maces & Flails skill increases to level 4!
You have reached level 4!
The hobgoblin skeleton barely misses you.
Casting: Corona
Confirm with . or Enter, or press ? or * to list all spells.
Aiming: Corona
Press: ? - help, Shift-Dir - straight line, f - hobgoblin skeleton
Aim: a hobgoblin skeleton The hobgoblin skeleton is outlined in light.
The hobgoblin skeleton hits you.
You completely miss the hobgoblin skeleton.
The hobgoblin skeleton hits you.
You hit the hobgoblin skeleton.
The hobgoblin skeleton barely misses you.
You hit the hobgoblin skeleton. The hobgoblin skeleton hits you.
You hit the hobgoblin skeleton.
You destroy the hobgoblin skeleton!
The phantom closely misses you. The phantom barely misses you.
Found 10 arrows, a scroll of magic mapping and 7 gold pieces.
An orc comes into view. It is wielding a runed dagger.
Prince Ribbit comes into view.
Prince Ribbit croaks.
The orc yells loudly.
Found an escape hatch in the ceiling.
Found a stone staircase leading down.
The phantom blinks!
An adder comes into view.
The orc barely misses you. Prince Ribbit hits you!
The phantom blinks!
Prince Ribbit barely misses you. Prince Ribbit hits you!
* * * LOW HITPOINT WARNING * * *
Things that are here:
3 large rocks; a throwing net; an iguana corpse Fire/throw which item? (* to show all) (? for menu, Esc to quit)
Press: ? - help, Shift-Dir - straight line, f - orc
Aim: an orc, wielding a runed dagger You throw a throwing net.
Prince Ribbit momentarily phases out as the throwing net passes through him.
The throwing net barely misses the orc.
Prince Ribbit hits you!!
You die...

# #. .. # #.
..#.#########....# ##
...$.............<. ..
#....S..######.>.# #.
.....?..(S.# ####.###
......###.# #....... ......
#o#### #....... .....
#.F@.## #....... ....
####..# #.......
.>.>.#######.#.#####.......
.........%..................
.....##.####.....###.......
. #...##.....# #.......
#..#####.####.### ########
..........# ##
#####.....################


You could see Prince Ribbit and an orc.

Vanquished Creatures
  An iguana (D:4)
  Ijyb (D:2)
  2 giant cockroaches
  2 hobgoblins
  2 jackals (D:1)
  3 kobolds
  A quokka (D:4)
  A giant newt (D:1)
  2 goblins (D:1)
  A hobgoblin skeleton (D:4)
  A rat (D:4)
17 creatures vanquished.

Notes
Turn   | Place    | Note
--------------------------------------------------------------
     0 | D:1      | glosham, the Ogre Arcane Marksman, began the quest for the Orb.
     0 | D:1      | Reached XP level 1. HP: 19/19 MP: 2/2
    54 | D:1      | Reached skill level 1 in Maces & Flails
   113 | D:2      | Noticed Ijyb
   123 | D:2      | Killed Ijyb
   123 | D:2      | Reached skill level 3 in Maces & Flails
   123 | D:2      | Reached XP level 2. HP: 15/27 MP: 0/3
   123 | D:2      | Reached XP level 3. HP: 18/33 MP: 0/4
   264 | D:4      | Reached skill level 2 in Fighting
   300 | D:4      | Noticed a phantom
   354 | D:4      | Reached skill level 4 in Maces & Flails
   354 | D:4      | Reached XP level 4. HP: 39/44 MP: 4/6
   362 | D:4      | Noticed Prince Ribbit
   372 | D:4      | Mangled by Prince Ribbit

Action                   |  1- 3 |  4- 6 || total
-------------------------+-------+-------++-------
Melee: Club              |    51 |     4 ||    55
       Unarmed           |     3 |       ||     3
Throw: Large rock        |     6 |       ||     6
       Throwing net      |     2 |     1 ||     3
 Cast: Corona            |    16 |     1 ||    17
  Use: Scroll            |     1 |       ||     1

Table legend:
 A = Turns spent in this place as a percentage of turns spent in the entire game.
 B = Non-inter-level travel turns spent in this place as a percentage of non-inter-level travel turns spent in the entire game.
 C = Inter-level travel turns spent in this place as a percentage of turns spent in this place.
 D = Turns resting spent in this place as a percentage of non-inter-level travel turns spent in this place.
 E = Turns spent auto-exploring this place as a percentage of non-inter-level travel turns spent in this place.
 F = Non-inter-level travel turns spent in this place divided by the number of levels of this place that you've seen.
                   A       B       C       D       E      F
               +-------+-------+-------+-------+-------+----------------------
         Total | 100.0 | 100.0 |   0.0 |   0.0 |   0.0 |  93.2
       Dungeon | 100.0 | 100.0 |   0.0 |   0.0 |   0.0 |  93.2
               +-------+-------+-------+-------+-------+----------------------

Table legend:
 A = Kills in this place as a percentage of kills in entire the game.
 B = Kills by you in this place as a percentage of kills by you in the entire game.
 C = Kills by friends in this place as a percentage of kills by friends in the entire game.
 D = Other kills in this place as a percentage of other kills in the entire game.
 E = Experience gained in this place as a percentage of experience gained in the entire game.
 F = Experience gained in this place divided by the number of levels of this place that you have seen.
                   A       B       C       D       E      F
               +-------+-------+-------+-------+-------+----------------------
         Total | 100.0 | 100.0 |  -nan |  -nan | 100.0 |  22.2
       Dungeon | 100.0 | 100.0 |  -nan |  -nan | 100.0 |  22.2
               +-------+-------+-------+-------+-------+----------------------

Vault maps used:
D:1:      dpeg_arrival_sounds_slurp
D:2:      first_bread, grunt_ministairs_11, uniq_iyjb
D:3:      corexii_shack_village, minmay_misc_feat_doors
D:4:      interstate_on_off, uniq_sigmund, uniq_prince_ribbit1
